 Yiufcrawl Soup (a DCSS fork) version 1.5.2b1-yiuf-19-g91104ff (webtiles) character file.

18 MarkovLaser the Skirmisher (level 2, -1/28 HPs)
             Began as a Minotaur Berserker on July 6, 2017.
             Was a Follower of Trog.
             Succumbed to a kobold's poison
             ... while paralysed
             ... on level 2 of the Dungeon.
             The game lasted 00:03:06 (910 turns).

MarkovLaser the Skirmisher (Minotaur Berserker)      Turns: 910, Time: 00:03:07

Health: -1/28      AC:  7    Str: 24    XL:     2   Next: 51%
Magic:  1/1        EV:  4    Int:  4    God:    Trog [*.....]
Gold:   63         SH:  0    Dex:  9    Spells: 1/1 levels left

rFire    . . .     SeeInvis .   e - +0 short sword
rCold    . . .     Gourm    .   (no shield)
rNeg     . . .     Faith    .   m - +0 scale mail
rPois    .         Spirit   .   (helmet restricted)
rElec    .         Reflect  .   (no cloak)
rCorr    .         Harm     .   (no gloves)
MR       .....                  k - +0 pair of boots
Stlth    ..........             (no amulet)
Regen    0.1/turn               (no ring)
MPRegen  0.1/turn               (no ring)

@: paralysed, lethally poisoned (-1 -> -20), exhausted, slowed
A: retaliatory headbutt, hooves 1, horns 2, strong, evolution 1, sturdy frame 1
a: Berserk, Renounce Religion


You were on level 2 of the Dungeon.
You worshipped Trog.
Trog was aware of your devotion.
You were near starving.

You visited 1 branch of the dungeon, and saw 2 of its levels.

You collected 63 gold pieces.

Inventory:

Hand Weapons
 e - a +0 short sword (weapon)
Missiles
 b - 3 tomahawks (quivered)
Armour
 k - a +0 pair of boots (worn)
 m - a +0 scale mail (worn)
Scrolls
 a - a scroll of fog {unknown}
 f - a scroll of enchant armour {unknown}
 g - a scroll of recharging {unknown}
Comestibles
 c - 2 bread rations
 d - 2 fruits
 j - a royal jelly
 l - a meat ration


   Skills:
 + Level 4.7 Fighting
 - Level 3.0 Throwing
 - Level 2.4 Armour
 - Level 2.1 Dodging


You had one spell level left.
You didn't know any spells.

Dungeon Overview and Level Annotations

Branches:
Dungeon (2/15)

Altars:


Innate Abilities, Weirdness & Mutations

You reflexively headbutt those who attack you in melee.
You have a pair of horns on your head.
You have large cloven feet.
Your muscles are strong. (Str +3)
You evolve.
Your movements are slightly less encumbered by armour. (ER -2)


Message History

A red film seems to cover your vision as you go berserk!
You feel yourself moving faster!
You feel mighty!
You are near starving!
* * * LOW HITPOINT WARNING * * *
You feel sick.
You feel a strong urge to attack something.
* * * LOW HITPOINT WARNING * * *
You feel sick.
Okay, then.
* * * LOW HITPOINT WARNING * * *
You feel sick.
You feel your anger subside.
* * * LOW HITPOINT WARNING * * *
You feel sick.
You are no longer berserk.
You pass out from exhaustion.
You feel yourself slow down.
* * * LOW HITPOINT WARNING * * *
You feel sick.
You die...

. #.#..............
..#.....#<...#..#..
......#....##..#.
#.......(.......
#.#.............
###.)...>.........
#...##..##........
####.####...##.###...
#...@...........###..
#...###...........###..
#. #.........>......
#.....[....#.#...
########..##.#...
##.##..... #.####...
#.## #... ###..###...


There were no monsters in sight!

Vanquished Creatures
  An adder (D:2)
  A giant cockroach (D:2)
  A goblin (D:2)
  A hobgoblin (D:1)
  A frilled lizard (D:1)
  4 kobolds
  2 rats (D:1)
11 creatures vanquished.

Notes
Turn   | Place    | Note
-------+----------+-------------------------------------------
     0 | D:1      | MarkovLaser the Minotaur Berserker began the quest for the Orb.
     0 | D:1      | Reached XP level 1. HP: 19/19 MP: 0/0
   234 | D:1      | Reached skill level 4 in Fighting
   828 | D:2      | Reached XP level 2. HP: 28/28 MP: 1/1
   904 | D:2      | Gained mutation: You have large cloven feet. [potion of mutation]
   904 | D:2      | Gained mutation: Your movements are slightly less encumbered by armour. (ER -2) [potion of mutation]
   904 | D:2      | Gained mutation: Your muscles are strong. (Str +3) [potion of mutation]
   904 | D:2      | Gained mutation: You evolve. [potion of mutation]
   908 | D:2      | HP: 2/42 [poisoned by a kobold]
   910 | D:2      | Succumbed to a kobold's poison

Skill      XL: |  1 |
---------------+----+-----
Fighting       | 4 |  4.7
Throwing       | |  3.0
Armour         | |  2.4
Dodging        | |  2.1

Action                   || total
-------------------------++-------
Melee: Short sword       ||    26
       Unarmed           ||     3
       Headbutt          ||     2
Throw: Tomahawk          ||     1
Invok: Berserk           ||     2
  Use: Potion            ||     1
Armor: Animal skin       ||     2
       Scale mail        ||     6
       Ring mail         ||     1
Dodge: Dodged            ||    19
